 Dungeon Crawl Stone Soup version 0.27-a0-1302-g7736ffe575 (webtiles) character file.

Game seed: 13945359670181329467

1193 Masnef the Tainter (level 8, -11/52 HPs)
             Began as an Octopode Venom Mage on June 18, 2021.
             Mangled by Edmund (13 damage)
             ... while paralysed
             ... on level 5 of the Dungeon.
             The game lasted 00:13:46 (5098 turns).

Masnef the Tainter (Octopode Venom Mage)            Turns: 5098, Time: 00:13:47

Health: -11/52     AC:  1    Str:  8    XL:     8   Next: 43%
Magic:  13/13      EV:  2    Int: 19    God:
Gold:   122        SH:  0    Dex: 15    Spells: 5/14 levels left

rFire    . . .     SeeInvis .   s - +11 hand axe "Foynoel" {vorpal, Fly rPois rCorr Dex+3}
rCold    . . .     Faith    .   (no shield)
rNeg     . . .     Spirit   .   (helmet restricted)
rPois    +         Reflect  .   (no amulet)
rElec    .         Harm     .   (no ring)
rCorr    +         Rampage  .   (no ring)
Will     .....                  (no ring)
Stlth    ++++......             (no ring)
HPRegen  0.17/turn              (no ring)
MPRegen  0.13/turn              (no ring)
                                (no ring)
                                (no ring)

@: paralysed, on berserk cooldown, flying, slowed
A: almost no armour, amphibious, 8 rings, camouflage 1, gelatinous body 1,
(nimble swimmer 1), tentacles
a: no special abilities


You were on level 5 of the Dungeon.
You visited 1 branch of the dungeon, and saw 5 of its levels.

You collected 122 gold pieces.

Inventory:

Hand Weapons
 c - a +2 dagger of venom
 r - a +2 whip of electrocution
 s - the +11 hand axe "Foynoel" (weapon) {vorpal, Fly rPois rCorr Dex+3}
   (You found it on level 5 of the Dungeon)

   It inflicts extra damage upon your enemies.
   It affects your dexterity (+3).
   It protects you from poison.
   It grants you flight.
   It protects you from acid and corrosion.
Missiles
 b - 16 poisoned darts
Wands
 k - a wand of flame (20)
 t - a wand of iceblast (8)
Scrolls
 a - a scroll of fear {unknown}
 d - a scroll of identify
 e - a scroll of enchant armour
 f - 4 scrolls of magic mapping
 h - a scroll of blinking {unknown}
 i - a scroll of amnesia {unknown}
 j - a scroll of enchant weapon {unknown}
 n - a scroll of teleportation
 q - 2 scrolls of noise {unknown}
Potions
 g - a potion of heal wounds {unknown}
 l - 3 potions of attraction
 m - a potion of berserk rage
 o - 3 potions of curing {unknown}
 p - a potion of magic
 u - a potion of mutation {unknown}


   Skills:
 * Level 3.4 Fighting
 - Level 3.5 Short Blades
 * Level 1.1 Axes
 + Level 2.9 Dodging
 + Level 4.0 Stealth
 - Level 3.6 Spellcasting
 - Level 2.0 Conjurations
 - Level 1.0 Transmutations
 - Level 1.0 Fire Magic
 - Level 1.0 Air Magic
 + Level 8.0 Poison Magic


You had 5 spell levels left.
You knew the following spells:

 Your Spells              Type           Power      Damage    Failure   Level
a - Sting                 Tmut/Pois      80%        1d7       2%          1
b - Poisonous Vapours     Pois/Air       40%        N/A       3%          2
c - Ignite Poison         Fire/Tmut/Pois 16%        N/A       11%         3
d - Mephitic Cloud        Conj/Pois/Air  17%        N/A       10%         3

Your spell library contained the following spells:

 Spells                   Type           Power      Damage    Failure   Level
 Olgreb's Toxic Radiance  Pois           33%        N/A       5%          4


Dungeon Overview and Level Annotations

Branches:
Dungeon (5/15)
 Temple: D:4-7

Altars:
Kikubaaqudgha
Makhleb
Wu Jian
Xom

Annotations:
D:5 Edmund, Ijyb


Innate Abilities, Weirdness & Mutations

You cannot wear most types of armour.
You are amphibious.
You can wear up to eight rings at the same time.
Your skin changes colour to match your surroundings (Stealth+).
Your rubbery body absorbs attacks. (AC +1, EV +1)
((You are camouflaged near water. (Stealth+)))
You have tentacles for arms and can constrict up to eight enemies at once.


Message History

The adder bites you.
A black bear comes into view.
Your Axes skill increases to level 1!
Your Stealth skill increases to level 4!
Your Poison Magic skill increases to level 8!
As you read the scroll of teleportation, it crumbles to dust.
You feel strangely unstable. The adder misses you.
The white imp completely misses you. The adder bites you. The adder bites you.
The white imp completely misses you. The white imp gestures at you.
The puff of frost hits you.
* * * LOW HITPOINT WARNING * * *
You see here 8 gold pieces.
Your surroundings suddenly seem different.
An orc comes into view. It is wielding a +0 mace.
An orc comes into view. It is wielding a +0 hand axe.
An orc comes into view. It is wielding a +0 short sword.
Edmund the Younger comes into view.
He is wielding a +2 dire flail of protection.
Ijyb the Twisted Goblin comes into view.
She is wielding a +0 dagger and carrying a wand of flame (15).
Found 9 gold pieces.
As you read the scroll of teleportation, it crumbles to dust.
You feel strangely unstable.
Unknown command.
It was a potion of berserk rage.
A red film seems to cover your vision as you go berserk!
You feel yourself moving faster!
You feel mighty!
Edmund shouts!
The orc shouts! x3
You feel a strong urge to attack something.
The orc throws a boomerang.
The boomerang hits you.
* * * LOW HITPOINT WARNING * * *
You feel your anger nearly subside.
Found a stone staircase leading down.
You are no longer berserk.
You pass out from exhaustion.
You feel yourself slow down.
Your surroundings flicker for a moment.
The orc barely misses you.
Edmund hits you with a +2 dire flail of protection!
* * * LOW HITPOINT WARNING * * *
Edmund hits you with a +2 dire flail of protection!
You die...

#...!...P.#
#...5.....♣#
#....♣..P..♣
#......≈≈≈..
#.....≈≈≈≈♣
#h.....♣≈≈≈♣
#g.o..♣≈≈≈♣≈
#oo.....♣≈≈.
#@@..♣..≈.≈≈
#.....P.♣.≈P
#......P...
#....##...P
#....# #...
#..... ##
#>.....
#.....##


You could see Edmund, a black bear, Ijyb, a white imp and 3 orcs.

Vanquished Creatures
  Pikel (D:5)
  2 black bears (D:4)
  An ogre (D:5)
  A phantom (D:5)
  A howler monkey (D:4)
  A crimson imp (D:4)
  2 hounds (D:4)
  A gnoll shaman (D:4)
  An orc priest (D:4)
  An iguana (D:5)
  An orc wizard (D:4)
  A hound zombie (D:5)
  4 adders
  3 gnolls
  A worm (D:2)
  A dart slug (D:2)
  15 orcs
  3 endoplasms (D:1)
  3 giant cockroaches
  5 goblins
  2 hobgoblins (D:1)
  6 jackals
  6 kobolds
  A quokka (D:1)
  A ball python (D:1)
  7 bats
  4 frilled lizards
  6 rats
82 creatures vanquished.

Vanquished Creatures (others)
  A human (D:3)
  9 plants (D:1)
10 creatures vanquished.

Grand Total: 92 creatures vanquished

Notes
Turn   | Place    | Note
-------+----------+-------------------------------------------
     0 | D:1      | Masnef the Octopode Venom Mage began the quest for the Orb.
     0 | D:1      | Reached XP level 1. HP: 11/11 MP: 3/3
   280 | D:1      | Reached skill level 4 in Poison Magic
   324 | D:1      | Found a faded altar of an unknown god.
   339 | D:1      | Reached XP level 2. HP: 17/17 MP: 3/5
   342 | D:1      | Learned a level 2 spell: Poisonous Vapours
   635 | D:1      | You fall into a shaft and drop 1 floor!
   802 | D:1      | Reached XP level 3. HP: 21/21 MP: 3/6
  1037 | D:1      | Learned a level 3 spell: Ignite Poison
  2306 | D:3      | Reached skill level 1 in Short Blades
  2311 | D:3      | Reached skill level 5 in Poison Magic
  2311 | D:3      | Reached XP level 4. HP: 21/27 MP: 2/7
  2909 | D:3      | Found an ancient bone altar of Kikubaaqudgha.
  2915 | D:3      | Noticed a human
  2916 | D:3      | Killed a human
  3014 | D:3      | Found an ornate altar of the Wu Jian Council.
  3038 | D:4      | Noticed a black bear
  3041 | D:4      | Killed a black bear
  3042 | D:4      | Reached skill level 1 in Fighting
  3042 | D:4      | Reached skill level 1 in Fire Magic
  3042 | D:4      | Reached skill level 1 in Air Magic
  3042 | D:4      | Reached XP level 5. HP: 33/33 MP: 0/8
  3418 | D:4      | Reached skill level 6 in Poison Magic
  3418 | D:4      | Reached XP level 6. HP: 38/38 MP: 1/9
  3637 | D:4      | Noticed a black bear
  3640 | D:4      | Found a burning altar of Makhleb.
  3641 | D:4      | Found a shimmering altar of Xom.
  3963 | D:4      | Killed a black bear
  3964 | D:4      | Reached XP level 7. HP: 45/45 MP: 0/10
  4492 | D:4      | Learned a level 3 spell: Mephitic Cloud
  4865 | D:5      | Entered Level 5 of the Dungeon
  4865 | D:5      | Noticed Pikel
  4872 | D:5      | Killed Pikel
  4873 | D:5      | Reached skill level 1 in Conjurations
  4873 | D:5      | Reached skill level 7 in Poison Magic
  4873 | D:5      | Reached XP level 8. HP: 51/51 MP: 1/13
  4879 | D:5      | Identified the +11 hand axe "Foynoel" {vorpal, Fly rPois
                  | rCorr Dex+3}
  5086 | D:5      | Reached skill level 1 in Axes
  5086 | D:5      | Reached skill level 8 in Poison Magic
  5089 | D:5      | Noticed Edmund
  5089 | D:5      | Noticed Ijyb
  5097 | D:5      | HP: 2/52 [Edmund (7)]
  5098 | D:5      | Mangled by Edmund

Illustrated notes

Levels and vault maps discovered:
D:1:      onia_arrival_mini_maze_b, layout_loops_cross,
          chequers_ecumenical_altar_island, serial_bayou_pond_c
D:2:      layout_loops_cross
D:3:      layout_rooms, pdpol_wu_jian_five_deadly_venoms, tgw_kikubaaqudgha
D:4:      layout_loops_cross, grunt_temple_overflow_champion_of_chaos,
          corexii_hall_statues_i
D:5:      layout_gridville, serial_bayou_pond_a, uniq_pikel, uniq_ijyb,
          uniq_edmund, uniq_prince_ribbit1

Skill      XL: |  1  2  3  4  5  6  7  8 |
---------------+-------------------------+-----
Poison Magic   | 4 5 6 7 8 |  8.0
Stealth        | 3 4 |  4.0
Short Blades   | 1 2 3 |  3.5
Fighting       | 1 2 3 |  3.4
Fire Magic     | 1 |  1.0
Air Magic      | 1 |  1.0
Spellcasting   | 3 |  3.6
Conjurations   | 1 2 |  2.0
Axes           | 1 |  1.1
Dodging        | |  2.9
Transmutations | |  1.0

Action                   |  1- 3 |  4- 6 |  7- 9 || total
-------------------------+-------+-------+-------++-------
Melee: Unarmed           |     5 |       |       ||     5
       Dagger            |    34 |    28 |    26 ||    88
       Tentacles         |     3 |     6 |     4 ||    13
       Constrict         |     5 |    12 |     9 ||    26
       Hand axe          |       |       |    14 ||    14
 Cast: Sting             |    44 |    36 |     8 ||    88
       Poisonous Vapours |     4 |    17 |    12 ||    33
       Ignite Poison     |       |     4 |     6 ||    10
       Mephitic Cloud    |       |       |     1 ||     1
  Use: Scroll            |       |     1 |     6 ||     7
       Potion            |       |       |     1 ||     1
 Stab: Sleeping          |     1 |       |       ||     1
Armor: Skin              |     5 |     2 |     2 ||     9
Dodge: Dodged            |    31 |    16 |    31 ||    78

Table legend: (Time is in decaauts)
 A = Elapsed time spent in this place.
 B = Non-inter-level travel time spent in this place.
 C = Inter-level travel time spent in this place.
 D = Time resting spent in this place.
 E = Time spent auto-exploring this place.
 F = Levels seen in this place.
 G = Mean time per level.
                   A        B        C        D        E       F      G
               +--------+--------+--------+--------+--------+-----+--------+
         Total |   5084 |   4915 |    169 |    603 |   3690 |   5 | 1016.8 |
       Dungeon |   5084 |   4915 |    169 |    603 |   3690 |   5 | 1016.8 |
               +--------+--------+--------+--------+--------+-----+--------+

Top non-repeatable levels by time:
     D:4: 1483 daAuts
     D:1: 1269 daAuts
     D:3: 1075 daAuts
     D:2: 1022 daAuts
     D:5: 234 daAuts
